 Dungeon Crawl Stone Soup version 0.31-a0-853-gc9b61b78f7 (webtiles) character file.

Game seed: 4466898168743913812

135 CrazyBamboolord the Trooper (level 5, 0/46 HPs)
             Began as a Ghoul Fighter on Oct 8, 2023.
             Slain by a kobold
             ... wielding a +1 whip of electrocution
              (17 damage)
             ... on level 3 of the Dungeon.
             The game lasted 00:02:02 (1976 turns).

CrazyBamboolord the Trooper (Ghoul Fighter)         Turns: 1976, Time: 00:02:02

Health: 0/46       AC:  6    Str: 22    XL:     5   Next: 18%
Magic:  4/4        EV:  9    Int:  3    God:
Gold:   69         SH:  4    Dex:  8    Spells: 4/4 levels left

rFire   . .          .
                       - Unarmed
rCold   + . .        b - +0 buckler
rNeg    + + +        a - +0 scale mail
rPois   ∞            (no helmet)
rElec   .            (no cloak)
rCorr   .            (no gloves)
SInv    .            (no boots)
Will    .....        (no amulet) Stlth
                     (no ring)
HPRegen 0.00/turn    (no ring)
MPRegen 0.09/turn

%: no passive effects
@: inhibited regen
A: claws 1, cold resistance 1, negative energy resistance 3, inhibited
regeneration, torment resistance 2, devour on kill
a: no special abilities


You were on level 3 of the Dungeon.
You visited 1 branch of the dungeon, and saw 3 of its levels.

You collected 69 gold pieces.

Inventory:

Missiles
 h - 2 throwing nets
Armour
 a - a +0 scale mail (worn)
 b - a +0 buckler (worn)
Scrolls
 d - a scroll of noise {unknown}
 e - a scroll of torment {unknown}
 f - a scroll of silence {unknown}
 g - a scroll of summoning {unknown}
 k - a scroll of enchant weapon {unknown}
 l - a scroll of identify {unknown}
 m - a scroll of blinking {unknown}
Potions
 c - 2 potions of might
 i - a potion of cancellation {unknown}
 j - a potion of degeneration {unknown}
 n - a potion of lignification {unknown}
 o - a potion of ambrosia {unknown}


   Skills:
 * Level 4.3 Fighting
 * Level 3.5 Armour
 + Level 3.2 Shields
 * Level 3.5 Unarmed Combat


You had 4 spell levels left.
You didn't know any spells.
Your spell library contained the following spells:

 Spells                   Type           Power      Damage    Failure   Level
 Stone Arrow              Conj/Erth      0%         3d7       99%         3
 Tukima's Dance           Hex            0%         N/A       99%         3
 Animate Armour           Summ/Erth      0%         N/A       100%        4
 Dimensional Bullseye     Hex/Tloc       0%         N/A       100%        4
 Iskenderun's Mystic Bla  Conj/Tloc      0%         2d3       100%        4
 Lehudib's Crystal Spear  Conj/Erth      0%         10d2      100%        8


Dungeon Overview and Level Annotations

Branches:
Dungeon (3/15)

Altars:


Innate Abilities, Weirdness & Mutations

You are immune to poison.
You have sharp fingernails.
Your flesh is cold resistant. (rC+)
You are immune to negative energy. (rN+++)
You do not regenerate when monsters are visible.
You are immune to unholy pain and torment.
You thrive by killing the living.


Message History

The dart slug is lightly wounded.
The dart slug bites you.
You claw the dart slug!
The dart slug is almost dead.
You scratch the dart slug but do no damage.
The dart slug is almost dead.
The dart slug barely misses you.
You claw the dart slug!
You kill the dart slug!
You feel better.
No target in view!
No target in view!
No target in view!
No target in view!
No target in view!
No target in view!
No target in view!
No target in view!
You see here a dart slug corpse.
A kobold comes into view.
It is wielding a +1 whip of electrocution and quivering poisoned darts.
Found 8 gold pieces.
A kobold is nearby!
A kobold is nearby!
Found 2 sapphire potions.
A worm comes into view.
The kobold misses you.
You barely miss the kobold. You barely miss the kobold.
You block the kobold's attack.
You barely miss the kobold. The kobold barely misses you.
You closely miss the kobold.
The kobold hits you with a +1 whip of electrocution.
You are electrocuted!
You barely miss the kobold.
The kobold hits you with a +1 whip of electrocution.
You are electrocuted!
You are too injured to fight recklessly!
You are too injured to fight recklessly!
You barely miss the kobold. The kobold hits you but does no damage.
You are electrocuted!
You die...

........# ......!.#
........# ........#
......... .!......# ....
..$.....# ......
.....w..######## ......
........K@.....## #......
##############..####......
#........#......
##..............
###......#.....
#####........ ##.†.....
#....... ##......


You could see a worm and a kobold.

Vanquished Creatures
  Jessica (D:2)
  4 adders
  A worm (D:2)
  9 dart slugs
  7 ball pythons
  3 endoplasms
  2 giant cockroaches (D:1)
  4 hobgoblins
  3 jackals (D:1)
  3 kobolds
  10 bats
  A frilled lizard (D:2)
  3 goblins (D:2)
  3 rats (D:1)
54 creatures vanquished.

Notes
Turn   | Place    | Note
-------+----------+-------------------------------------------
     0 | D:1      | CrazyBamboolord the Ghoul Fighter began the quest for the
                  | Orb.
     0 | D:1      | Reached XP level 1. HP: 19/19 MP: 0/0
    96 | D:1      | Reached XP level 2. HP: 26/26 MP: 1/1
   257 | D:1      | Reached XP level 3. HP: 31/31 MP: 2/2
  1048 | D:2      | Reached XP level 4. HP: 40/40 MP: 3/3
  1332 | D:2      | Reached skill level 4 in Fighting
  1760 | D:2      | Noticed Jessica
  1766 | D:2      | Killed Jessica
  1877 | D:3      | Reached XP level 5. HP: 38/46 MP: 4/4
  1976 | D:3      | Slain by a kobold

Illustrated notes

Levels and vault maps discovered:
D:1:      dpeg_arrival_another_circle, layout_basic
D:2:      layout_basic, serial_bayou, serial_bayou_pond_a, serial_bayou_shore_a,
          serial_bayou_lake_a, serial_bayou_pond_a, serial_bayou_ford_a,
          minmay_close_crescents, uniq_jessica
D:3:      layout_rooms, worldfamousw_hep_ancestral_shrine

Skill      XL: |  1  2  3  4 |
---------------+-------------+-----
Armour         | 3 |  3.5
Shields        | 3 |  3.2
Unarmed Combat | 3 |  3.5
Fighting       | 4 |  4.3

Action                     |  1- 3 |  4- 6 || total
---------------------------+-------+-------++-------
  Melee: Unarmed           |   127 |    98 ||   225
 Armour: Scale mail        |    98 |    47 ||   145
  Dodge: Dodged            |    80 |    35 ||   115
  Block: Buckler           |    20 |    18 ||    38

Table legend: (Time is in decaauts)
 A = Elapsed time spent in this place.
 B = Non-inter-level travel time spent in this place.
 C = Inter-level travel time spent in this place.
 D = Time resting spent in this place.
 E = Time spent auto-exploring this place.
 F = Levels seen in this place.
 G = Mean time per level.
                   A        B        C        D        E       F      G
               +--------+--------+--------+--------+--------+-----+--------+
         Total |   2035 |   1987 |     48 |      0 |   1582 |   3 |  678.3 |
       Dungeon |   2035 |   1987 |     48 |      0 |   1582 |   3 |  678.3 |
               +--------+--------+--------+--------+--------+-----+--------+

Top non-repeatable levels by time:
     D:2: 1024 daAuts
     D:1: 894 daAuts
     D:3: 116 daAuts
